Map: [ESL] Tropical Sacrifice

Players

ByuN - Winner!

  • Race: Terran Terran
  • Spawn Location: 7:00

HeroMarine

  • Race: Terran Terran
  • Spawn Location: 1:00

Event: TSL 9

VOD

Have the link to the VOD?

Description

Time

  • Played on: Aug. 7, 2022, 11:17 a.m.
  • Length: 23:21

All games in this series

Show
View Real Time Build Order
Export as new Build Order

ByuN Terran - Winner!

Build Orders: Hellion Opening, Reaper Expand 

Get SALT Encoding   

  12  0:00  SCV  
  13  0:12  SCV  
  14  0:17  Supply Depot  
  14  0:24  SCV  
  15  0:39  SCV  
  15  0:40  Barracks  
  16  0:44  Refinery  
  16  0:51  SCV  
  17  1:03  SCV  
  18  1:15  SCV  
  19  1:27  Reaper  
  19  1:28  Orbital Command  
  20  1:41  Command Center  
  20  1:51  Supply Depot  
  21  1:54  SCV  
  21  1:59  Marine  
  22  2:05  Factory  
  22  2:11  SCV  
  22  2:14  Refinery  
  23  2:21  Barracks Reactor  
  23  2:23  SCV  
  24  2:35  SCV  
  25  2:47  SCV  
  25  2:50  Starport  
  26  2:53  Orbital Command  
  26  2:59  SCV  
  26  3:01  Hellion x2  
  26  3:03  Barracks Tech Lab  
  31  3:11  SCV  
  32  3:20  SCV  
  32  3:22  Hellion x2  
  32  3:23  SCV  
  38  3:31  Raven  
  38  3:32  SCV  
  38  3:33  Supply Depot  
  41  3:36  Barracks Tech Lab  
  41  3:37  Refinery, SCV  
  42  3:44  Hellion x2  
  46  3:55  Supply Depot, SCV x2  
  48  4:07  SCV x2  
  50  4:10  Marine x2  
  50  4:17  Cyclone  
  55  4:18  Supply Depot  
  55  4:19  SCV x2  
  55  4:21  Raven  
  59  4:30  Marine  
  61  4:31  SCV  
  61  4:34  SCV  
  62  4:43  SCV  
  62  4:44  Supply Depot  
  63  4:46  SCV  
  63  4:49  Marine x2  
  66  4:54  Siege Tank  
  66  4:55  Command Center  
  66  4:56  SCV  
  70  5:01  Supply Depot  
  70  5:05  SCV  
  71  5:07  Refinery  
  71  5:08  SCV  
  72  5:16  Stimpack, Marine  
  72  5:17  SCV  
  72  5:18  Barracks  
  72  5:20  SCV  
  75  5:22  Barracks  
  75  5:28  Supply Depot  
  75  5:29  SCV  
  75  5:32  SCV  
  75  5:34  Siege Tank  
  80  5:37  Marine  
  80  5:42  SCV  
  81  5:44  Viking, SCV  
  81  5:46  Viking  
  86  5:54  SCV  
  86  5:56  SCV  
  87  5:57  Marine  
  88  6:06  Supply Depot, SCV  
  88  6:08  SCV  
  88  6:09  Engineering Bay, Siege Tank  
  88  6:10  Barracks Reactor x2, Engineering Bay  
  93  6:18  SCV  
  94  6:20  SCV, Marine  
  94  6:22  Orbital Command  
  96  6:30  SCV  
  98  6:32  SCV  
  98  6:34  Viking x2  
  98  6:36  Terran Infantry Weapons Level 1  
  98  6:38  Marine  
  103  6:42  SCV  
  103  6:44  SCV  
  103  6:45  Siege Tank  
  108  6:47  Marine x4  
  108  6:51  SCV  
  108  6:52  Supply Depot  
  108  6:54  Supply Depot, SCV  
  113  6:56  Marine  
  113  6:57  SCV, Combat Shield  
  116  7:03  SCV  
  117  7:10  Barracks  
  117  7:11  Barracks  
  117  7:13  SCV  
  117  7:14  SCV  
  119  7:15  SCV  
  119  7:21  Marine x5  
  125  7:26  Supply Depot, SCV x2  
  125  7:28  Supply Depot, SCV, Refinery  
  125  7:29  Refinery, Medivac x2  
  132  7:32  Terran Infantry Armor Level 1  
  132  7:38  SCV  
  132  7:42  SCV  
  132  7:43  Siege Tank  
  133  7:48  SCV  
  133  7:49  Marine x2  
  133  7:50  SCV  
  133  7:51  Marine  
  128  7:52  Marine x2  
  117  7:59  SCV  
  117  8:00  SCV  
  99  8:07  Marine x2  
  99  8:09  Marine x3  
  99  8:10  Barracks Reactor x2  
  99  8:12  SCV x2  
  103  8:21  Armory  
  103  8:25  Sensor Tower, Siege Tank, Marine x2  
  103  8:26  Command Center  
  103  8:27  Marine x3  
  107  8:32  Supply Depot  
  110  8:35  SCV  
  110  8:36  Supply Depot, SCV x2  
  110  8:38  Medivac  
  110  8:40  Barracks  
  110  8:41  Medivac  
  117  8:42  Barracks, Marine x2  
  117  8:43  Barracks  
  117  8:44  Marine  
  117  8:45  Marine x2  
  117  8:46  Marine  
  117  8:47  Marine x3  
  126  8:50  SCV x2  
  126  8:51  SCV  
  129  8:59  Factory  
  129  9:00  Marine x2  
  129  9:02  Marine  
  129  9:04  Marine x2  
  129  9:06  Marine x2  
  129  9:08  Medivac  
  128  9:10  Marine x2  
  128  9:15  Siege Tank  
  127  9:18  Medivac, Marine x2  
  127  9:20  Marine  
  127  9:22  Marine  
  127  9:23  Marine x2  
  135  9:27  Marine  
  135  9:29  SCV x2  
  135  9:32  Command Center, Marine  
  135  9:36  Barracks Reactor x3, Marine x2  
  135  9:38  Sensor Tower, Marine  
  138  9:40  Marine  
  138  9:42  SCV x2  
  138  9:43  SCV, Terran Infantry Armor Level 2  
  142  9:45  Terran Infantry Weapons Level 2  
  142  9:46  Barracks Reactor  
  142  9:52  Marine x4  
  146  9:54  Marine  
  147  10:02  Siege Tank  
  147  10:04  Siege Tank  
  153  10:07  Marine x3  
  153  10:09  Marine  
  153  10:10  Marine x3  
  153  10:11  Marine  
  153  10:14  Missile Turret  
  161  10:16  Terran Vehicle Weapons Level 1  
  161  10:25  Marine x2  
  163  10:29  Marine x2  
  163  10:31  Marine  
  163  10:34  Supply Depot  
  163  10:35  Supply Depot, Marine  
  165  10:37  Supply Depot, Marine x4  
  165  10:38  Marine x4  
  173  10:43  Siege Tank, Marine x2  
  169  10:54  Marine x6  
  169  10:55  Siege Tank, Marine x3  
  172  11:04  Marine x2  
  173  11:08  Marine x4  
  173  11:09  Marine  
  178  11:11  Marine  
  178  11:12  Medivac, Marine x2  
  178  11:13  Medivac  
  178  11:15  Siege Tank  
  178  11:16  Marine  
  178  11:17  Marine x4  
  193  11:19  Command Center  
  193  11:22  Orbital Command  
  193  11:27  Siege Tank  
  193  11:32  Armory  
  200  11:42  Medivac  
  200  11:43  Medivac  
  200  11:52  Command Center  
  200  11:53  Command Center  
  200  11:57  Starport x2  
  197  12:05  Marine  
  166  12:10  Marine  
  166  12:11  Marine  
  166  12:12  Marine x4  
  166  12:13  Marine x3  
  169  12:17  Siege Tank, Marine  
  169  12:18  Marine x2  
  169  12:19  Marine x2  
  169  12:20  Marine  
  178  12:24  Marine  
  178  12:28  Marine  
  178  12:29  Marine  
  175  12:30  SCV x2, Marine x7  
  175  12:35  Terran Infantry Weapons Level 3, Terran Infantry Armor Level 3, Marine  
  175  12:36  Marine x3  
  175  12:37  Marine  
  181  12:38  Marine  
  181  12:42  Marine  
  180  12:45  Medivac x2, Marine  
  180  12:47  Marine  
  180  12:48  Marine x6  
  183  12:52  SCV x3  
  183  12:54  Marine  
  183  12:55  SCV  
  179  13:00  Starport Tech Lab x2  
  179  13:01  Planetary Fortress  
  179  13:03  Marine x2  
  179  13:05  Marine x2  
  187  13:16  Marine x9  
  192  13:20  Siege Tank x2  
  192  13:23  Missile Turret, Medivac  
  200  13:31  Marine  
  199  13:36  Marine x2  
  199  13:40  Raven x2  
  189  13:43  Marine  
  189  13:44  Marine x4  
  189  13:45  Orbital Command  
  189  13:47  Marine  
  195  13:49  Refinery, Marine  
  195  13:50  Refinery  
  195  13:52  Siege Tank  
  199  13:59  Marine x2  
  200  14:09  Command Center  
  200  14:10  Sensor Tower  
  200  14:16  Marine  
  199  14:23  Orbital Command  
  199  14:27  Command Center  
  199  14:36  Command Center  
  196  14:50  Siege Tank x2, Marine x6  
  196  14:51  Marine  
  200  14:56  Marine x2  
  200  14:57  Marine x6  
  186  15:00  Marine  
  181  15:08  Marine x5  
  181  15:14  Marine  
  157  15:15  Marine  
  157  15:17  Marine  
  157  15:19  Marine x8  
  153  15:22  Siege Tank x2  
  153  15:26  Marine x5  
  153  15:27  Raven x2  
  168  15:31  Marine  
  168  15:33  Marine  
  168  15:34  Terran Vehicle And Ship Armor Level 1  
  170  15:35  Marine  
  170  15:37  Marine x8  
  179  15:43  Sensor Tower  
  179  15:44  Marine x5  
  179  15:48  Missile Turret, Planetary Fortress  
  184  15:53  Marine x3  
  184  15:54  Siege Tank x2, Marine  
  194  15:57  Orbital Command  
  194  15:58  Marine  
  194  15:59  Marine x2  
  193  16:24  Marine  
  193  16:25  Marine x7  
  194  16:26  Siege Tank  
  194  16:27  Marine  
  194  16:30  Planetary Fortress  
  194  16:49  Siege Tank, Marine  
  194  16:50  Marine  
  185  16:58  Siege Tank, Marine x9  
  187  17:02  Marine  
  187  17:03  Marine x3  
  187  17:04  Raven x2  
  190  17:09  Marine x3  
  190  17:10  Medivac  
  189  17:15  Marine  
  189  17:16  Marine x4  
  189  17:17  Marine  
  189  17:18  Marine x3  
  189  17:19  Marine  
  189  17:21  Siege Tank, Marine x3  
  183  17:27  Marine x2  
  174  17:30  Marine  
  174  17:31  Medivac, Siege Tank  
  174  17:33  Marine x2  
  174  17:34  Marine x3  
  174  17:35  Marine x3  
  174  17:36  Marine  
  186  17:37  Marine  
  186  17:39  Marine x3  
  186  17:40  Medivac  
  186  17:42  Orbital Command  
  192  17:44  Marine  
  192  17:45  Marine  
  192  17:47  Marine, Raven, Orbital Command x2  
  191  17:51  Marine x5  
  191  17:53  Siege Tank, Marine x4  
  191  17:55  Marine  
  191  17:56  Marine  
  191  17:57  Marine x2  
  189  18:02  Marine x2  
  189  18:03  Siege Tank  
  189  18:05  Marine  
  193  18:06  Medivac  
  193  18:09  Marine x4  
  200  18:14  Marine x2  
  200  18:16  Marine  
  189  18:21  Marine  
  189  18:25  Siege Tank  
  189  18:26  Marine  
  191  18:31  Marine  
  192  18:35  Siege Tank  
  192  18:42  Medivac x2, Marine  
  192  18:43  Marine x8  
  192  18:49  Marine  
  192  18:51  SCV x4  
  192  18:52  SCV x2  
  197  19:07  Siege Tank  
  198  19:19  Medivac  
  200  19:27  Siege Tank  
  198  19:32  Marine x2  
  200  19:43  Orbital Command  
  188  19:56  Marine x9  
  188  19:57  Raven x2  
  167  20:01  Marine  
  167  20:02  Marine x4  
  167  20:03  Siege Tank, Marine x2  
  167  20:04  Siege Tank  
  180  20:14  Marine x4  
  180  20:20  Marine  
  182  20:24  Marine x4  
  182  20:25  Marine  
  182  20:26  Marine  
  182  20:27  Marine x5  
  174  20:32  Viking x2, Marine x4  
  171  20:36  Siege Tank x2  
  171  20:38  Marine  
  171  20:42  Marine x5  
  164  20:43  Viking  
  164  20:44  Marine x6  
  164  20:49  SCV x2, Marine  
  176  20:50  Marine x3  
  176  20:51  Refinery  
  176  20:52  Refinery  
  176  20:56  Marine  
  177  21:00  Marine x5  
  177  21:02  Marine x6  
  188  21:05  Orbital Command  
  188  21:07  Marine x3  
  188  21:08  Siege Tank, Marine  
  195  21:13  Viking x2  
  195  21:14  Marine  
  195  21:17  Marine  
  195  21:18  Marine x4  
  189  21:20  Marine x6  
  189  21:25  Marine x3  
  194  21:26  Marine  
  194  21:31  Marine  
  184  21:35  Marine  
  184  21:36  Marine  
  184  21:38  Raven  
  188  21:46  SCV x3  
  188  21:47  SCV x3  
  193  21:51  Marine x8  
  200  22:18  Refinery x2  
  200  22:24  Sensor Tower  
  200  22:26  Marine  
  200  22:28  Marine x3  
  180  22:30  Siege Tank x2, Marine x3  
  180  22:31  Marine x5  
  180  22:32  Marine x4  
  173  22:40  Medivac  
  153  22:44  Marine  
  153  22:46  Marine x3  
  153  22:48  Marine x6  
  153  22:50  Marine  
Show
View Real Time Build Order
Export as new Build Order

HeroMarine Terran 

Build Orders:  

Get SALT Encoding   

  12  0:00  SCV  
  13  0:12  SCV  
  14  0:17  Supply Depot  
  14  0:24  SCV  
  15  0:39  SCV, Barracks  
  16  0:45  Refinery  
  16  0:51  SCV  
  16  0:54  Refinery  
  17  1:03  SCV  
  18  1:15  SCV  
  19  1:27  Reaper, Orbital Command  
  19  1:31  Supply Depot  
  20  1:44  Factory  
  20  1:53  SCV  
  21  1:59  Reaper  
  22  2:05  SCV  
  23  2:17  SCV  
  23  2:20  Command Center  
  24  2:28  Hellion  
  24  2:29  SCV  
  27  2:31  Reaper  
  28  2:37  Supply Depot  
  28  2:41  SCV  
  29  2:49  Widow Mine  
  31  2:59  SCV, Starport  
  31  3:03  Barracks Reactor  
  32  3:11  SCV, Factory Tech Lab  
  33  3:16  Refinery  
  33  3:23  SCV  
  34  3:29  Cyclone  
  34  3:31  Orbital Command  
  37  3:35  SCV, Starport Tech Lab  
  37  3:40  Marine x2  
  40  3:47  SCV  
  41  3:53  Raven  
  43  3:58  SCV  
  43  3:59  SCV  
  45  4:08  Command Center  
  45  4:13  Supply Depot  
  45  4:14  SCV  
  45  4:16  SCV  
  47  4:21  Siege Tank  
  50  4:25  Supply Depot  
  50  4:27  SCV  
  50  4:30  SCV  
  52  4:35  Marine  
  52  4:36  Raven  
  52  4:37  Marine  
  56  4:40  SCV  
  56  4:42  SCV  
  58  4:51  Refinery  
  58  4:52  SCV  
  59  4:53  Siege Tank  
  59  4:54  SCV  
  59  4:58  Supply Depot, Marine  
  59  4:59  Marine  
  65  5:04  SCV  
  65  5:06  SCV  
  67  5:16  SCV  
  67  5:19  SCV  
  69  5:21  Orbital Command  
  69  5:28  SCV  
  69  5:30  Viking x2, Siege Tank  
  69  5:31  SCV, Stimpack  
  78  5:36  Supply Depot  
  78  5:41  SCV  
  79  5:43  SCV, Marine  
  79  5:46  Orbital Command  
  79  5:49  Barracks  
  79  5:50  Barracks  
  79  5:53  SCV  
  79  5:55  SCV  
  81  6:01  Marine  
  81  6:02  Viking, Siege Tank  
  81  6:03  Viking  
  89  6:10  Supply Depot, SCV  
  90  6:14  SCV x2  
  90  6:19  Marine  
  90  6:22  SCV  
  92  6:26  SCV x2  
  92  6:30  Supply Depot  
  92  6:32  Viking x2  
  96  6:33  Supply Depot  
  96  6:34  SCV  
  96  6:35  Engineering Bay  
  96  6:36  Engineering Bay  
  96  6:38  Barracks Reactor, SCV x2  
  101  6:40  Barracks Reactor  
  101  6:44  Siege Tank  
  104  6:48  Refinery x2  
  104  6:49  SCV  
  104  6:50  SCV  
  106  6:54  Supply Depot  
  106  6:57  SCV  
  106  6:58  Supply Depot  
  106  7:01  SCV, Marine  
  108  7:02  SCV  
  108  7:03  Terran Infantry Weapons Level 1  
  108  7:04  Terran Infantry Armor Level 1  
  110  7:09  SCV  
  110  7:12  Viking  
  110  7:13  SCV  
  110  7:14  SCV, Marine x2  
  115  7:18  Siege Tank  
  115  7:19  Combat Shield, Marine  
  115  7:20  Marine x2  
  115  7:22  SCV  
  122  7:28  Sensor Tower  
  122  7:32  Marine  
  122  7:35  Barracks  
  122  7:36  SCV, Barracks  
  124  7:39  Marine x2  
  123  7:45  Marine x2  
  123  7:48  SCV x2  
  123  7:49  SCV  
  123  7:50  Siege Tank, Marine  
  118  7:57  Marine x2  
  102  8:00  SCV x2  
  102  8:01  SCV  
  102  8:02  Medivac x2  
  102  8:03  Marine x2  
  94  8:08  Marine  
  94  8:11  Sensor Tower  
  95  8:12  SCV  
  95  8:13  SCV x2, Armory  
  95  8:15  Marine x2  
  100  8:21  Marine x2  
  100  8:22  Siege Tank  
  105  8:28  SCV  
  105  8:29  Command Center, SCV  
  105  8:30  SCV  
  108  8:35  Barracks Reactor x2  
  108  8:37  Marine x3  
  108  8:40  SCV  
  108  8:41  SCV  
  113  8:42  SCV  
  113  8:45  Marine  
  115  8:51  Barracks Reactor  
  115  8:52  SCV  
  115  8:53  SCV  
  115  8:54  SCV, Siege Tank  
  115  8:55  Marine x3  
  124  9:03  Marine  
  124  9:04  SCV  
  124  9:05  SCV  
  124  9:06  SCV  
  121  9:13  Terran Infantry Armor Level 2, Terran Infantry Weapons Level 2, Marine x2  
  121  9:14  Terran Vehicle Weapons Level 1, Marine  
  121  9:15  Marine x2  
  121  9:16  SCV  
  121  9:21  Factory  
  121  9:23  SCV x2  
  123  9:25  Marine x2  
  123  9:26  Marine  
  123  9:27  Siege Tank, Marine  
  123  9:29  SCV  
  126  9:39  Viking  
  126  9:42  Viking, Missile Turret x2  
  130  9:47  SCV x2  
  130  9:48  SCV  
  130  9:49  Marine x3  
  136  9:59  SCV x2  
  141  10:00  SCV, Siege Tank  
  141  10:01  Supply Depot  
  141  10:05  Sensor Tower  
  142  10:09  Siege Tank  
  142  10:10  Missile Turret  
  142  10:11  Planetary Fortress  
  142  10:13  Missile Turret  
  145  10:15  SCV x3  
  148  10:23  Medivac x2  
  148  10:27  SCV x3  
  154  10:32  Siege Tank  
  154  10:34  Marine x3  
  159  10:37  Marine x2  
  159  10:39  SCV  
  161  10:49  Supply Depot  
  148  10:50  Supply Depot, SCV x2, Siege Tank, Marine x2  
  148  10:51  Supply Depot  
  148  10:53  SCV x2, Medivac  
  148  10:56  Medivac  
  156  11:01  Marine x2  
  156  11:02  SCV x2  
  156  11:04  Siege Tank  
  163  11:05  SCV x2  
  163  11:14  Refinery, SCV x2  
  163  11:15  Refinery, Marine x7  
  163  11:17  SCV x2  
  174  11:22  Missile Turret, Siege Tank  
  174  11:23  Medivac  
  174  11:25  Marine x3  
  182  11:33  Marine x6  
  188  11:41  Command Center  
  188  11:44  Starport x2  
  188  11:56  Supply Depot  
  188  11:57  Viking x2, Siege Tank  
  195  12:04  Siege Tank  
  195  12:05  Terran Infantry Weapons Level 3, Terran Infantry Armor Level 3  
  195  12:07  Marine x2  
  180  12:09  Marine  
  180  12:10  Marine x3  
  170  12:18  Marine  
  170  12:19  Marine x2  
  173  12:25  Marine  
  173  12:29  Siege Tank, Marine x2  
  172  12:30  Marine x3  
  172  12:33  SCV x2  
  172  12:34  SCV  
  172  12:37  Siege Tank  
  162  12:41  SCV  
  162  12:45  SCV x2  
  162  12:46  Starport Tech Lab x2  
  162  12:47  Viking x2  
  162  12:51  SCV  
  165  12:52  Terran Vehicle Weapons Level 2  
  165  12:53  SCV  
  161  13:01  SCV x2  
  161  13:03  SCV  
  168  13:05  SCV  
  168  13:09  Siege Tank  
  168  13:11  Marine x2  
  168  13:12  Sensor Tower, Marine  
  174  13:13  Missile Turret  
  174  13:14  Marine x2  
  174  13:15  Marine  
  176  13:20  Viking  
  176  13:21  Raven x2  
  176  13:23  Corvid Reactor, Marine x3  
  176  13:25  Marine  
  183  13:28  Marine  
  183  13:29  Marine  
  183  13:30  Marine  
  183  13:32  Marine x2  
  188  13:37  Siege Tank  
  188  13:40  Marine x2  
  188  13:41  Marine x2  
  191  13:43  Marine  
  191  13:44  Viking  
  191  13:46  Marine x2  
  191  13:47  Siege Tank  
  200  13:57  Marine x2  
  200  13:59  Refinery  
  200  14:00  Refinery  
  196  14:08  Planetary Fortress  
  196  14:10  Sensor Tower  
  196  14:11  Raven  
  196  14:12  Missile Turret  
  191  14:22  Viking  
  191  14:23  Viking  
  192  14:28  Marine x2  
  194  14:43  Siege Tank x2  
  197  14:49  Marine  
  190  14:53  Marine x2  
  190  14:55  Marine x2  
  190  14:57  Marine  
  190  14:59  Marine x2  
  182  15:02  Viking x2, Raven x2  
  182  15:03  Command Center, Marine x2  
  182  15:07  Marine  
  192  15:11  Marine x2  
  192  15:12  Marine x2  
  189  15:14  Marine  
  189  15:15  Siege Tank  
  189  15:17  Marine x2  
  190  15:21  Marine x2  
  190  15:24  Marine  
  190  15:27  Siege Tank  
  196  15:28  Marine  
  196  15:29  Sensor Tower  
  196  15:33  Hi-Sec Auto Tracking, Neosteel Armor  
  197  15:36  Terran Vehicle And Ship Armor Level 1  
  198  15:47  Raven  
  199  15:54  Marine  
  198  16:13  Command Center  
  198  16:14  Missile Turret  
  198  16:17  Command Center  
  198  16:29  Marine  
  198  16:30  Marine  
  200  16:34  Starport  
  200  16:36  Starport, Marine x2  
  200  16:49  Marine x2  
  193  16:54  Marine x2  
  193  16:56  Marine x2  
  193  16:57  Marine x2  
  193  16:59  Marine x2  
  199  17:07  Marine x2  
  199  17:12  Marine x2  
  199  17:14  Marine  
  200  17:21  Marine  
  200  17:22  Marine x2  
  195  17:26  Marine x3  
  195  17:28  Marine  
  188  17:30  Marine x2  
  188  17:36  Siege Tank, Marine  
  190  17:38  SCV  
  190  17:39  Marine  
  190  17:40  Marine x2  
  190  17:44  Marine  
  194  17:47  Siege Tank  
  191  17:54  Marine x2  
  191  17:55  Viking x2, Raven x2, Marine x2  
  191  17:58  Marine x2  
  188  18:08  Siege Tank  
  188  18:10  Marine x2  
  193  18:13  Marine x2  
  193  18:16  Marine  
  193  18:19  Siege Tank  
  181  18:37  Orbital Command  
  181  18:38  Raven x2  
  181  18:40  Siege Tank  
  188  18:43  Medivac x2  
  192  18:51  Siege Tank  
  192  19:15  Siege Tank  
  192  19:16  Marine  
  196  19:30  Marine x4  
  196  19:49  Marine x3  
  196  19:50  Marine x2  
  196  19:51  Marine x2  
  188  19:54  Marine  
  188  19:55  Marine x2  
  175  20:07  Marine x4  
  175  20:08  Marine  
  175  20:09  Marine x2  
  175  20:12  Marine  
  175  20:13  Marine  
  184  20:19  Marine  
  176  20:25  Marine  
  167  20:28  Marine  
  158  20:36  Marine  
  141  20:50  Siege Tank  
  141  20:51  Marine x2  
  141  20:54  Marine  
  141  20:56  Marine  
  148  20:59  Marine  
  148  21:02  Marine  
  145  21:17  Siege Tank  
  146  21:31  Viking x2  
  135  21:36  Siege Tank  
  140  21:50  Raven  
  140  21:51  Raven  
  140  21:55  Siege Tank  
  143  22:02  Marine  
  143  22:05  Marine  
  143  22:08  Orbital Command  
  145  22:09  Marine  
  145  22:10  Marine  
  145  22:13  Marine  
  148  22:17  Marine  
  133  22:33  Raven  
  133  22:34  Siege Tank  
  113  22:38  Marine  
  104  22:45  Marine x2  
  104  22:48  Marine  
Tags
 
Add a new tag
Caveats
  • Supply blocks, unpowered buildings, or Contaminate may cause inaccurate times.
  • Supply counts are checked every 10 seconds.